 Dungeon Crawl Stone Soup version 0.28.0-49-g6dfe1f597d (webtiles) character file.

Game seed: 8463219500435376796

125 Zeld the Chiller (level 5, 0/42 HPs)
             Began as a Ghoul Ice Elementalist on May 17, 2022.
             Killed from afar by Sigmund (10 damage)
             ... with a magic dart
             ... on level 3 of the Dungeon.
             The game lasted 00:02:09 (2091 turns).

Zeld the Chiller (Ghoul Ice Elementalist)           Turns: 2091, Time: 00:02:10

Health: 0/42       AC:  2    Str: 12    XL:     5   Next: 9%
Magic:  2/7        EV: 12    Int: 12    God:
Gold:   80         SH:  0    Dex:  9    Spells: 2/9 levels left

rFire   . . .      SeeInvis .   (no weapon)
rCold   + . .      Faith    .   (no shield)
rNeg    + + +      Spirit   .   a - +0 robe
rPois   ∞          Reflect  .   (no helmet)
rElec   .          Harm     .   (no cloak)
rCorr   .          Rampage  .   (no gloves)
Will    .....                   (no boots)
Stlth   ++........              (no amulet)
HPRegen 0.00/turn               (no ring)
MPRegen 0.10/turn               (no ring)

@: freezing walls, inhibited regen
A: claws 1, cold resistance 1, negative energy resistance 3, inhibited
regeneration, torment resistance 2
a: no special abilities


You were on level 3 of the Dungeon.
You visited 1 branch of the dungeon, and saw 3 of its levels.

You collected 80 gold pieces.

Inventory:

Armour
 a - a +0 robe (worn)
Wands
 i - a wand of flame (16)
Scrolls
 b - a scroll of teleportation {unknown}
 c - 4 scrolls of identify {unknown}
 d - a scroll of fog {unknown}
 e - a scroll of magic mapping {unknown}
 f - a scroll of enchant armour {unknown}
 g - 2 scrolls of brand weapon {unknown}
Potions
 h - a potion of haste {unknown}
 j - a potion of curing {unknown}


   Skills:
 * Level 2.3 Fighting
 + Level 2.2 Dodging
 + Level 2.9 Stealth
 * Level 2.5 Spellcasting
 * Level 5.1 Ice Magic


You had 2 spell levels left.
You knew the following spells:

 Your Spells              Type           Power      Damage    Failure   Level
a - Freeze                Ice            52%        1d7       3%          1
b - Frozen Ramparts       Ice            26%        1d4       10%         3
c - Ozocubu's Armour      Ice            13%        N/A       10%         3

Your spell library contained the following spells:

 Spells                   Type           Power      Damage    Failure   Level
 Shock                    Conj/Air       4%         1d3       26%         1
 Swiftness                Air            1%         N/A       61%         3
 Hailstorm                Conj/Ice       7%         3d4       65%         4
 Airstrike                Air            0%         N/A       95%         4


Dungeon Overview and Level Annotations

Branches:
Dungeon (3/15)

Altars:

Annotations:
D:3 Sigmund


Innate Abilities, Weirdness & Mutations

You thrive by killing the living.
You are immune to poison.
You have sharp fingernails.
Your flesh is cold resistant. (rC+)
You are immune to negative energy. (rN+++)
You do not regenerate when monsters are visible.
You are immune to unholy pain and torment.


Message History

There is a stone staircase leading up here.
Casting: Freeze (safe; 3% risk of failure)
Confirm with . or Enter, or press ? or * to list all spells.
Casting: Frozen Ramparts (dangerous; 10% risk of failure)
Press: ? - help, Dir - look around, f - activate A stone staircase leading up.
The walls around you are covered in ice.
Unknown command.
The wall freezes Sigmund.
Sigmund hits you from afar with a +0 scythe.
The wall freezes Sigmund.
Sigmund hits you from afar with a +0 scythe.
The wall freezes Sigmund.
Sigmund hits you from afar with a +0 scythe!
The wall freezes Sigmund.
Sigmund barely misses you.
The wall freezes Sigmund.
Sigmund gestures at you while chanting. You resist with some effort.
Unknown command.
The wall freezes Sigmund.
Sigmund misses you.
The frozen ramparts melt away.
Sigmund barely misses you. Sigmund completely misses you.
Casting: Frozen Ramparts (dangerous; 10% risk of failure)
Confirm with . or Enter, or press ? or * to list all spells.
Casting: Frozen Ramparts (dangerous; 10% risk of failure)
Press: ? - help, Dir - look around, f - activate A stone staircase leading up.
The walls around you are covered in ice.
The wall freezes Sigmund.
Sigmund hits you from afar with a +0 scythe.
Unknown command.
Unknown command.
Unknown command.
The wall freezes Sigmund.
Sigmund hits you from afar with a +0 scythe!
* * * LOW HITPOINT WARNING * * *
The wall freezes Sigmund.
Sigmund casts a spell at you. The magic dart hits you!
You die...

#.###.#### #.######.## #
####.#....... ....#...#
#.##......#.##.# ..........
#.#.!.......##.# ####.#...#
...>......####.# #. #.##.#.
#.........##.##### #.#
##.##... ##...@###.##.@...#
#.###...#.#. ##.#.#
#....#.#.###.##........ #
#.#.###@###.@..............#.
# #.#.....#
#.#####..##..†..<#. #
#.####### #.# ##...###...#.#.
# ##.# ..# #.........##.#> #
#..# ##.# ##...#######.#.
####.### #.#####..# #.#
)......# #........# .#
)).....# ####.###.#
####.#[#####.# #.# #.#


You could see Sigmund.

Vanquished Creatures
  Jessica (D:2)
  Ijyb (D:3)
  4 adders
  2 dart slugs (D:1)
  9 ball pythons
  3 endoplasms (D:1)
  2 giant cockroaches
  A goblin (D:1)
  A hobgoblin (D:1)
  3 bats
  5 frilled lizards
  7 kobolds
39 creatures vanquished.

Notes
Turn   | Place    | Note
-------+----------+-------------------------------------------
     0 | D:1      | Zeld the Ghoul Ice Elementalist began the quest for the
                  | Orb.
     0 | D:1      | Reached XP level 1. HP: 14/14 MP: 2/2
   115 | D:1      | Reached XP level 2. HP: 13/22 MP: 0/3
   597 | D:1      | Reached skill level 1 in Fighting
   787 | D:1      | Reached XP level 3. HP: 28/28 MP: 5/5
   791 | D:1      | Learned a level 3 spell: Frozen Ramparts
  1130 | D:2      | Found a faded altar of an unknown god.
  1221 | D:2      | Noticed Jessica
  1230 | D:2      | Killed Jessica
  1231 | D:2      | Reached XP level 4. HP: 35/35 MP: 0/6
  1458 | D:2      | Reached skill level 5 in Ice Magic
  1560 | D:3      | Noticed Ijyb
  1563 | D:3      | Noticed Sigmund
  1719 | D:3      | Killed Ijyb
  1724 | D:3      | Learned a level 3 spell: Ozocubu's Armour
  1892 | D:3      | Reached XP level 5. HP: 40/41 MP: 3/7
  2091 | D:3      | Killed from afar by Sigmund

Illustrated notes

Levels and vault maps discovered:
D:1:      lemuel_arrival_hallway, layout_loops_cross,
          corexii_item_surrounded_by_moat
D:2:      layout_basic, hellmonk_ecumenical_altar_blasted, uniq_jessica
D:3:      layout_loops_ring, chequers_serial_rivers_micro_a, uniq_ijyb,
          uniq_sigmund

Skill      XL: |  1  2  3  4 |
---------------+-------------+-----
Spellcasting   | 2 |  2.5
Fighting       | 1 2 |  2.3
Dodging        | 2 |  2.2
Ice Magic      | 5 |  5.1
Stealth        | |  2.9

Action                   |  1- 3 |  4- 6 || total
-------------------------+-------+-------++-------
Melee: Unarmed           |    33 |     9 ||    42
       Punch             |     1 |       ||     1
 Cast: Freeze            |    33 |    27 ||    60
       Frozen Ramparts   |       |     3 ||     3
 Stab: Sleeping          |     2 |       ||     2
Armor: Robe              |     4 |     2 ||     6
Dodge: Dodged            |    42 |    35 ||    77
